Map: New Repugnancy LE

Players

TiPtOP

  • Race: Terran Terran
  • League: Silver
  • Spawn Location: 7:00

Subterfuge - Winner!

  • Race: Zerg Zerg
  • League: Silver
  • Spawn Location: 1:00

VOD

Have the link to the VOD?

Description

Time

  • Played on: May 10, 2019, 3:24 a.m.
  • Length: 21:17
Show
View Real Time Build Order
Export as new Build Order

TiPtOP Terran 

Build Orders: Mech 

Get SALT Encoding   

  12  0:01  SCV  
  13  0:13  SCV  
  14  0:21  Supply Depot  
  14  0:25  SCV  
  15  0:43  SCV  
  15  0:45  Barracks  
  16  0:55  SCV  
  17  0:59  Refinery  
  17  1:12  SCV  
  18  1:24  SCV  
  19  1:36  SCV  
  20  1:45  Command Center  
  20  1:47  Supply Depot  
  20  1:50  Orbital Command  
  20  1:54  Barracks Reactor  
  20  2:08  Barracks  
  20  2:17  SCV  
  21  2:33  Barracks  
  21  2:38  SCV  
  22  2:44  Marine x2  
  24  2:52  SCV  
  24  2:57  Barracks Tech Lab  
  25  3:02  Factory  
  25  3:04  Marine x2  
  27  3:07  SCV  
  27  3:12  SCV  
  29  3:27  SCV x2  
  31  3:28  Supply Depot  
  31  3:29  Marine x2  
  31  3:31  Barracks Reactor  
  33  3:41  Marine  
  33  3:44  Stimpack  
  34  3:49  Marine x2  
  34  3:53  SCV x2  
  38  3:57  Supply Depot  
  38  4:08  Factory  
  38  4:15  Factory Reactor  
  38  4:27  Refinery  
  38  4:31  SCV x2  
  40  4:33  Marine  
  40  4:34  Refinery, Marine x4  
  40  4:36  Supply Depot  
  45  4:50  Starport  
  45  4:51  Marine  
  45  4:52  Marine  
  47  4:55  SCV x2  
  49  5:17  Marine x3  
  49  5:18  Marine x2  
  54  5:23  Supply Depot  
  54  5:30  SCV x2  
  54  5:32  Factory Tech Lab  
  54  5:35  Marine x3  
  57  5:39  Marine x2  
  60  5:48  Combat Shield  
  60  5:51  Engineering Bay  
  60  5:53  Marine  
  60  5:54  Marine x2  
  63  5:57  Marauder  
  63  5:58  Medivac  
  63  5:59  Medivac  
  63  6:03  Supply Depot  
  69  6:09  Marine  
  69  6:11  Siege Tank, Marine  
  71  6:12  Marine  
  75  6:19  Marauder  
  75  6:21  Armory, Terran Infantry Weapons Level 1  
  77  6:26  Supply Depot  
  77  6:27  Engineering Bay  
  77  6:30  Marine x2  
  77  6:31  Marine  
  80  7:06  Liberator  
  80  7:19  SCV  
  80  7:20  SCV  
  82  7:25  Siege Tank  
  88  7:32  Terran Infantry Armor Level 1  
  88  7:33  Factory  
  88  7:57  Siege Tank  
  71  8:28  Marine  
  71  8:29  Marine x4  
  71  8:32  Siege Tank  
  79  8:46  Marine x2  
  81  8:50  Marine x3  
  84  9:04  Marine  
  84  9:09  Bunker, Marauder  
  74  9:30  Marauder  
  53  9:50  Marine x3  
  53  9:51  Marine x2  
  58  9:54  Siege Tank  
  58  9:56  Terran Infantry Weapons Level 2  
  61  10:07  Command Center  
  61  10:08  Marine x3  
  61  10:09  Marine x2  
  66  10:25  Command Center  
  66  10:26  Siege Tank, Marine x4  
  53  11:04  Bunker  
  53  11:08  SCV  
  54  11:11  Refinery  
  54  11:16  Refinery  
  54  11:20  SCV, Factory Tech Lab  
  55  11:32  SCV, Marine x5  
  59  11:37  Siege Tank  
  64  11:45  SCV  
  65  11:49  Marine  
  65  11:50  Marine x2  
  65  11:53  Marine x2  
  70  12:07  Marine  
  71  12:11  Marauder  
  73  12:17  SCV  
  73  12:21  SCV  
  75  12:24  Marine  
  75  12:29  SCV  
  77  12:33  SCV  
  77  12:36  Terran Infantry Armor Level 2  
  78  12:42  SCV  
  79  12:46  SCV  
  79  12:48  Marine x3  
  79  12:49  Marine  
  84  12:54  SCV  
  85  13:01  Marine  
  86  13:06  SCV, Marine x3  
  68  13:31  Command Center  
  68  13:56  Siege Tank x2  
  68  13:59  Orbital Command  
  74  14:27  Medivac x2  
  78  14:49  Planetary Fortress  
  78  15:08  Marine  
  78  15:09  Marine x4  
  83  15:15  Missile Turret  
  83  15:19  Supply Depot  
  54  15:26  Marine x2  
  42  15:41  Supply Depot  
  42  15:45  Marine x4  
  46  16:03  SCV x2  
  48  16:27  Marine x5  
  53  16:45  Marine  
  54  16:51  Marine x4  
  58  17:03  Marine  
  59  17:09  Marine x2  
  61  17:20  Marine x3  
  64  17:27  Marine x2  
  66  17:37  Marine  
  66  17:38  Marine  
  66  17:39  SCV  
  69  17:51  SCV  
  70  17:59  Marine x4  
  70  18:03  SCV  
  75  18:10  Missile Turret  
  75  18:25  Marine x4  
  79  18:33  Siege Tank  
  79  18:34  Siege Tank  
  85  18:51  Command Center  
  85  18:52  Viking  
  51  20:43  Marine x4  
Show
View Real Time Build Order
Export as new Build Order

Subterfuge Zerg - Winner!

Build Orders: Hatch First 

Get SALT Encoding   

  12  0:01  Drone  
  13  0:09  Drone  
  14  0:26  Overlord  
  14  0:31  Drone, Extractor  
  15  0:45  Drone x2  
  17  0:56  Hatchery  
  16  0:58  Drone  
  17  1:05  Drone, Extractor  
  17  1:09  Drone  
  18  1:20  Drone  
  19  1:30  Spawning Pool  
  19  1:32  Drone  
  19  1:42  Drone  
  20  1:54  Drone  
  21  2:03  Drone  
  22  2:13  Overlord  
  22  2:19  Drone, Zergling x2  
  22  2:21  Hatchery  
  23  2:24  Metabolic Boost  
  23  2:27  Drone  
  24  2:33  Queen  
  26  2:41  Queen  
  28  2:46  Drone  
  28  2:48  Drone  
  28  2:49  Drone  
  31  2:54  Overlord  
  31  2:59  Drone  
  31  3:00  Drone  
  33  3:14  Lair  
  33  3:17  Queen  
  35  3:21  Drone x4  
  39  3:27  Overlord  
  39  3:30  Drone  
  40  3:35  Drone x2  
  42  3:41  Extractor  
  42  3:42  Drone  
  42  3:45  Drone x2  
  42  3:46  Drone x3  
  47  3:54  Overlord x2  
  47  3:59  Queen  
  49  4:12  Evolution Chamber  
  48  4:19  Evolution Chamber  
  48  4:21  Drone x4  
  48  4:22  Drone x5  
  56  4:26  Queen  
  58  4:34  Queen  
  60  4:41  Zerg Missile Weapons Level 1  
  60  4:44  Extractor  
  59  4:49  Drone x5  
  59  4:50  Drone x2  
  66  4:53  Queen  
  66  4:59  Hydralisk Den  
  67  5:02  Roach Warren  
  67  5:03  Drone x3, Baneling Nest  
  67  5:06  Extractor  
  67  5:11  Drone x3  
  67  5:12  Drone x2  
  72  5:20  Zergling x4  
  74  5:26  Overlord x4  
  74  5:30  Grooved Spines  
  74  5:37  Extractor x2  
  74  5:39  Hydralisk  
  74  5:41  Overlord x3  
  74  5:48  Hydralisk, Centrifical Hooks  
  76  5:51  Zergling x8  
  76  5:52  Zergling x6  
  83  5:59  Zerg Ground Armor Level 1  
  83  6:01  Zergling x4  
  85  6:18  Drone x5  
  88  6:19  Drone x2  
  88  6:20  Zergling x2  
  88  6:23  Baneling x5  
  88  6:24  Baneling  
  88  6:25  Hydralisk x2  
  97  6:33  Hatchery  
  97  6:34  Pneumatized Carapace  
  97  6:39  Infestation Pit  
  95  6:50  Drone  
  95  6:51  Overlord x7  
  96  6:55  Zergling x4  
  96  6:58  Overlord  
  98  7:04  Baneling x11  
  98  7:11  Zergling x10  
  103  7:26  Zerg Missile Weapons Level 2  
  103  7:39  Hydralisk x6  
  103  7:40  Hydralisk x2  
  103  7:41  Hydralisk x2  
  117  8:21  Baneling  
  117  8:22  Baneling x9  
  116  8:51  Hydralisk  
  116  8:52  Hydralisk x8  
  116  8:53  Hydralisk x2  
  138  9:00  Zergling x8  
  109  9:51  Zerg Ground Armor Level 2  
  109  9:54  Zergling x16  
  109  9:55  Zergling x8  
  121  10:03  Baneling x6  
  121  10:06  Hatchery  
  115  11:09  Zerg Melee Weapons Level 1  
  115  11:15  Hive  
  115  11:16  Queen  
  117  11:21  Drone x6  
  117  11:22  Drone x8  
  117  11:23  Drone x5  
  136  11:28  Queen  
  138  11:49  Evolution Chamber, Pathogen Glands  
  138  11:50  Muscular Augments  
  137  11:59  Zergling x4  
  137  12:00  Zergling x16  
  137  12:01  Zergling x6  
  150  12:35  Baneling  
  150  12:36  Baneling x17  
  141  13:25  Zergling x10  
  141  13:26  Zergling x12  
  141  13:27  Zergling x8  
  154  13:29  Overlord  
  154  13:31  Ultralisk Cavern  
  155  13:38  Baneling x3  
  155  13:39  Baneling x19  
  155  13:40  Zerg Ground Armor Level 3, Zerg Missile Weapons Level 3  
  155  13:42  Zerg Melee Weapons Level 2  
  155  14:03  Hatchery  
  154  14:12  Extractor  
  154  14:13  Extractor  
  152  14:18  Chitinous Plating  
  152  14:46  Glial Reconstitution  
  152  15:14  Hatchery  
  122  15:37  Anabolic Synthesis  
  122  16:07  Ultralisk x7  
  122  16:08  Ultralisk x2, Hydralisk  
  122  16:09  Hydralisk x6  
  122  16:10  Hydralisk  
  192  16:17  Spire x2  
  190  16:23  Overlord  
  190  16:24  Overlord x4  
  190  16:31  Zerg Melee Weapons Level 3  
  190  16:34  Adrenal Glands  
  190  16:35  Zergling x2  
  190  16:36  Zergling x12  
  197  16:42  Extractor  
  197  16:44  Extractor  
  195  17:51  Baneling  
  195  17:52  Baneling x14  
  195  17:57  Extractor  
  194  17:59  Spore Crawler  
  194  18:00  Extractor  
  194  18:03  Drone x6  
  194  18:04  Drone  
Tags
 
Composition
Mech
Matchup
TvZ
Spawn Locations
Cross Positions
Add a new tag
Caveats
  • Supply blocks, unpowered buildings, or Contaminate may cause inaccurate times.
  • Supply counts are checked every 10 seconds.